 Dungeon Crawl Stone Soup version 0.31.0-11-ge490571c62 (webtiles) character file.

Game seed: 15545292909161643901

12 PaiMei the Digger (level 2, -3/15 HPs)
             Began as a Gargoyle Earth Elementalist on Jan 27, 2024.
             Slain by Terence
             ... wielding a +0 hand axe
              (6 damage)
             ... on level 2 of the Dungeon.
             The game lasted 00:01:29 (745 turns).

PaiMei the Digger (Gargoyle Earth Elementalist)      Turns: 745, Time: 00:01:30

Health: -3/15      AC:  4    Str: 11    XL:     2   Next: 33%
Magic:  0/5        EV: 12    Int: 15    God:
Gold:   74         SH:  0    Dex: 10    Spells: 4/5 levels left

rFire   . . .        f - +0 short sword
rCold   . . .        (no shield)
rNeg    + . .        a - +0 robe
rPois   ∞            (no helmet)
rElec   +            k - scarf {repulsion}
rCorr   .            (no gloves)
SInv    .            (no boots)
Will    .....        (no amulet)
Stlth   ++           (no ring)
HPRegen 0.22/turn    (no ring)
MPRegen 0.09/turn

%: repel missiles
@: no status effects
A: sickness immunity, AC +2, negative energy resistance 1, electricity
resistance, torment resistance 1, petrification resistance
a: no special abilities


You were on level 2 of the Dungeon.
You visited 1 branch of the dungeon, and saw 2 of its levels.

You collected 74 gold pieces.

Inventory:

Hand Weapons
 f - a +0 short sword (weapon)
Missiles
 l - 18 stones
Armour
 a - a +0 robe (worn)
 k - a scarf of repulsion (worn)
Scrolls
 d - a scroll of enchant weapon {unknown}
 e - a scroll of identify {unknown}
 g - a scroll of silence {unknown}
 i - a scroll of teleportation {unknown}
Potions
 b - 2 potions of magic
 c - a potion of ambrosia {unknown}
 h - 3 potions of curing {unknown}
 j - a potion of degeneration {unknown}


   Skills:
 + Level 0.2 Fighting
 + Level 1.7 Dodging
 - Level 2.3 Stealth
 + Level 2.1 Spellcasting
 - Level 1.3 Conjurations
 + Level 3.8 Earth Magic


You had 4 spell levels left.
You knew the following spells:

 Your Spells              Type           Power      Damage    Failure   Level
a - Sandblast             Erth           26%        2d8       4%          1

Your spell library contained the following spells:

 Spells                   Type           Power      Damage    Failure   Level
 Passwall                 Erth           13%        N/A       14%         3
 Stone Arrow              Conj/Erth      18%        3d8       22%         3
 Brom's Barrelling Bould  Conj/Erth      9%         2d3       58%         4
 Petrify                  Alch/Erth      7%         N/A       69%         4


Dungeon Overview and Level Annotations

Branches:
Dungeon (2/15)

Altars:

Annotations:
D:2 Terence


Innate Abilities, Weirdness & Mutations

You are immune to sickness and miasma.
Your stone body is resilient. (AC +2)
You are immune to poison.
You resist negative energy. (rN+)
You are resistant to electric shocks. (rElec)
You are resistant to unholy torment.
You are immune to petrification.


Message History

Confirm with . or Enter, or press ? or * to list all spells.
Aiming: Sandblast (safe; 4% risk of failure)
Press: ? - help, Shift-Dir - straight line, f/p - Terence
Aim: Terence, wielding a +0 hand axe and wearing a +0 chain mail (moderately wounded, 87% to hit)
The blast of sand hits Terence but does no damage.
Terence is moderately wounded.
Terence closely misses you. The goblin hits you with a +0 club.
Terence hits you with a +0 hand axe. The goblin misses you.
Casting: Sandblast (safe; 4% risk of failure)
Confirm with . or Enter, or press ? or * to list all spells.
Aiming: Sandblast (safe; 4% risk of failure)
Press: ? - help, Shift-Dir - straight line, f/p - Terence
Aim: Terence, wielding a +0 hand axe and wearing a +0 chain mail (moderately wounded, 87% to hit)
The blast of sand hits Terence.
Terence is heavily wounded.
Terence hits you with a +0 hand axe.
* * * LOW HITPOINT WARNING * * *
The goblin hits you but does no damage.
Casting: Sandblast (safe; 4% risk of failure)
Confirm with . or Enter, or press ? or * to list all spells.
Aiming: Sandblast (safe; 4% risk of failure)
Press: ? - help, Shift-Dir - straight line, f/p - Terence
Aim: Terence, wielding a +0 hand axe and wearing a +0 chain mail (heavily wounded, 87% to hit)
The blast of sand hits Terence.
Terence is severely wounded.
Terence hits you with a +0 hand axe.
* * * LOW HITPOINT WARNING * * *
The goblin closely misses you. Terence misses you.
The goblin hits you but does no damage.
You hit Terence.
Terence is severely wounded.
Terence hits you but does no damage. The goblin hits you but does no damage.
You hit Terence but do no damage.
Terence is severely wounded.
Terence misses you. The goblin hits you but does no damage.
You hit Terence.
Terence is severely wounded.
Terence hits you with a +0 hand axe.
You die...
Terence says, "That felt goooood."

#.# ##....## #...
###....... ..#
....g... ##.##
#.....# #...#
#....####...### #
.............##.#
###.###......@@..#
##.....##.....g####
# #..#.#..#....###
#.g.#@#(#......#
..#..#.#..#.#.##
..##.....##.#.# #
###.###....# !...
....## ###########


You could see Terence and a goblin.

Vanquished Creatures
  2 bats (D:1)
  An endoplasm (D:2)
  A giant cockroach (D:1)
  A goblin (D:1)
  2 kobolds (D:1)
  A quokka (D:1)
  3 rats (D:1)
11 creatures vanquished.

Notes
Turn   | Place    | Note
-------+----------+-------------------------------------------
     0 | D:1      | PaiMei the Gargoyle Earth Elementalist began the quest for
                  | the Orb.
     0 | D:1      | Reached XP level 1. HP: 10/10 MP: 3/3
    43 | D:1      | Found a faded altar of an unknown god.
   279 | D:1      | Reached XP level 2. HP: 15/15 MP: 5/5
   637 | D:2      | Noticed Terence
   745 | D:2      | Slain by Terence

Illustrated notes

Levels and vault maps discovered:
D:1:      giann_horns, layout_rooms, shapermc_ecumenical_altar_starsandcircs,
          minmay_door_square
D:2:      layout_loops_ring, minmay_box_of_dots, uniq_jessica, uniq_terence

Action                     || total
---------------------------++-------
  Melee: Short sword       ||    43
         Unarmed           ||    18
   Cast: Sandblast         ||     9
   Stab: Sleeping          ||     1
         Distracted        ||     1
 Armour: Robe              ||    42
  Dodge: Dodged            ||    51
